Map: 莱瑞拉克之冠

Players

平步青云 - Winner!

  • Race: Terran Terran

电脑难度(普通)

  • Race: Zerg Zerg

VOD

Have the link to the VOD?

Description

Time

  • Played on: Dec. 26, 2015, 8:48 a.m.
  • Length: 9:37
Show
View Real Time Build Order
Export as new Build Order

平步青云 Terran - Winner!

Build Orders:  

Get SALT Encoding   

  12  0:02  SCV  
  14  0:14  SCV  
  14  0:24  Supply Depot  
  14  0:26  SCV  
  15  0:45  SCV  
  16  0:50  Barracks  
  16  1:06  SCV  
  17  1:15  Refinery  
  18  1:18  SCV  
  18  1:30  SCV  
  19  1:41  Supply Depot  
  19  1:43  SCV  
  20  1:48  Refinery  
  20  1:49  Marine  
  21  1:55  SCV  
  22  2:07  SCV, Marine  
  24  2:19  SCV  
  25  2:22  Barracks  
  25  2:25  Marine  
  25  2:28  Supply Depot  
  26  2:31  SCV  
  26  2:33  Factory  
  27  2:42  Marine  
  27  2:43  SCV  
  28  3:00  Marine  
  28  3:04  Command Center  
  29  3:10  Orbital Command  
  29  3:11  Supply Depot  
  29  3:14  Barracks Tech Lab  
  29  3:19  Factory Tech Lab  
  29  3:27  Barracks Reactor  
  29  3:34  Starport  
  29  3:46  Siege Tank  
  34  3:48  Marauder  
  34  4:05  SCV  
  34  4:09  Marine x2  
  37  4:13  Marauder  
  39  4:17  SCV  
  39  4:23  Medivac  
  42  4:27  Marine x2  
  42  4:29  SCV  
  45  4:33  SCV  
  46  4:41  SCV  
  46  4:45  SCV  
  48  4:49  Siege Tank  
  51  4:53  SCV, Medivac  
  54  5:02  Supply Depot  
  54  5:11  SCV, Engineering Bay  
  54  5:14  SCV  
  56  5:17  Marine  
  57  5:22  Marine  
  57  5:23  SCV  
  57  5:25  Marauder  
  57  5:26  SCV  
  62  5:36  SCV  
  62  5:38  SCV  
  62  5:40  Refinery  
  64  5:44  Refinery  
  64  5:48  SCV  
  64  5:49  Supply Depot  
  65  5:50  SCV  
  66  5:57  Medivac  
  66  6:00  SCV, Marine  
  70  6:11  SCV, Marauder, Siege Tank, Marine  
  77  6:12  Supply Depot  
  77  6:25  SCV  
  78  6:35  Supply Depot  
  78  6:37  SCV  
  76  6:45  Marine  
  76  6:46  Marine  
  78  6:47  Marauder  
  78  6:49  SCV  
  78  6:53  Siege Tank  
  84  6:55  Medivac  
  86  7:01  SCV  
  87  7:09  Marauder  
  87  7:14  Marine x2  
  91  7:28  Supply Depot  
  91  7:30  Marauder  
  93  7:49  Siege Tank, Medivac  
  93  7:50  Supply Depot  
  98  8:13  Supply Depot  
  96  8:25  Marine x2  
  96  8:26  Marauder  
  100  8:27  Siege Tank  
  100  8:30  Starport Tech Lab  
  101  9:10  Marine x2  
  101  9:11  Marauder  
Show
View Real Time Build Order
Export as new Build Order

电脑难度(普通) Zerg 

Build Orders: Pool First 

Get SALT Encoding   

  12  0:00  Drone  
  13  0:12  Overlord  
  13  0:17  Drone  
  14  0:30  Drone  
  14  0:33  Drone  
  16  0:44  Spawning Pool  
  16  0:45  Drone  
  17  0:50  Drone  
  17  0:52  Extractor  
  17  0:55  Drone  
  17  1:06  Overlord  
  17  1:31  Queen, Zergling x2  
  20  1:37  Roach Warren  
  20  1:38  Drone  
  20  1:43  Extractor  
  20  1:44  Zergling x2  
  20  1:49  Drone  
  21  1:59  Drone  
  22  2:10  Overlord  
  22  2:21  Roach  
  24  2:32  Drone  
  25  2:37  Roach  
  25  2:38  Overlord  
  25  2:43  Drone  
  28  2:47  Drone  
  30  2:51  Ravager  
  30  2:54  Roach  
  32  3:04  Drone  
  33  3:07  Ravager  
  33  3:10  Roach  
  33  3:11  Overlord  
  36  3:15  Drone  
  36  3:18  Drone  
  38  3:27  Baneling Nest, Roach  
  39  3:35  Evolution Chamber  
  39  3:37  Drone  
  39  3:42  Drone, Roach  
  42  6:13  Lair, Overlord  
  42  6:14  Drone  
  42  6:15  Spore Crawler  
  42  6:17  Drone, Spore Crawler  
  42  6:19  Drone  
  42  6:20  Evolution Chamber  
  42  6:22  Drone  
  42  6:24  Hatchery  
  42  6:25  Drone  
  43  6:35  Zergling x2  
  43  6:39  Spine Crawler  
  35  6:40  Drone  
  35  6:42  Spine Crawler  
  35  6:43  Drone  
  28  6:50  Roach  
  30  7:04  Roach  
  32  7:10  Queen  
  32  7:11  Overseer x2  
  32  7:13  Hydralisk Den  
  33  7:16  Infestation Pit  
  33  7:18  Spire, Ravager  
  33  7:19  Roach  
  34  7:33  Ravager, Roach  
  34  7:36  Queen  
  38  7:37  Drone  
  38  7:40  Drone  
  38  7:43  Drone  
  38  7:46  Drone  
  38  7:48  Zergling x2  
  38  7:49  Drone  
  40  7:52  Drone  
  40  7:55  Drone  
  40  7:56  Zergling x2  
  40  7:57  Drone  
  39  8:00  Drone  
  39  8:02  Spore Crawler  
  39  8:03  Drone, Zergling x2  
  39  8:04  Spore Crawler  
  35  8:06  Drone  
  35  8:07  Extractor  
  35  8:09  Drone  
  35  8:11  Zergling x2  
  35  8:12  Drone  
  32  8:20  Zergling x2  
  26  8:34  Hydralisk  
  25  8:41  Zergling x2, Queen  
  26  8:42  Drone  
  26  8:44  Drone  
  30  8:49  Mutalisk  
  26  9:03  Hydralisk  
  26  9:10  Hydralisk  
  21  9:23  Drone  
Tags
 
Add a new tag
Caveats
  • Supply blocks, unpowered buildings, or Contaminate may cause inaccurate times.
  • Supply counts are checked every 10 seconds.